 Dungeon Crawl Stone Soup version 0.19-a0-1792-g28b16ba (webtiles) character file.

276 JeffiDaFish the Sneak (level 6, -6/43 HPs)
             Began as a Vampire Enchanter on Oct 4, 2016.
             Was an Initiate of Kikubaaqudgha.
             Mangled by a phantom (10 damage)
             ... in the Ecumenical Temple.
             The game lasted 00:16:56 (4727 turns).

JeffiDaFish the Sneak (Vampire Enchanter)           Turns: 4727, Time: 00:16:57

Health: -6/43      AC:  5    Str:  9    XL:     6   Next: 4%
Magic:  1/9        EV: 13    Int: 17    God:    Kikubaaqudgha [......]
Gold:   133        SH:  0    Dex: 15    Spells: 4 memorised, 0 levels left

rFire  . . .     SeeInvis +     f - +0 dagger (vamp)
rCold  + . .     Gourm    .     b - +1 robe
rNeg   + + .     Faith    .     (no shield)
rPois  +         Spirit   .     (no helmet)
rElec  .         Dismiss  .     (no cloak)
rCorr  .         Reflect  .     e - +0 pair of gloves
MR     .....     Harm     .     g - +0 pair of boots
Stlth  ++........               (no amulet)
                                (no ring)
                                (no ring)

@: regenerating slowly
A: fangs 3, see invisible, unbreathing
a: Bat Form, Renounce Religion


You were in the Ecumenical Temple.
You worshipped Kikubaaqudgha.
Kikubaaqudgha was noncommittal.
You were thirsty.

You visited 2 branches of the dungeon, and saw 5 of its levels.

You collected 133 gold pieces.

Inventory:

Hand Weapons
 a - a +1 dagger
 f - a +0 vampiric dagger (weapon)
Armour
 b - a +1 robe (worn)
 e - a +0 pair of gloves (worn)
 g - a +0 pair of boots (worn)
Wands
 k - a wand of slowing (21/48)
Scrolls
 h - 4 scrolls of identify
 i - a scroll of teleportation
 m - 3 scrolls of remove curse
Potions
 d - 17 potions of blood
 j - 3 potions of curing
 l - a potion of might
Books
 c - a book of Maledictions

   Spells                             Type                      Level
   a - Corona                         Hexes                        1
   b - Ensorcelled Hibernation        Hexes/Ice                    2
   c - Confuse                        Hexes                        3
   d - Tukima's Dance                 Hexes                        3
   e - Dazzling Spray                 Conjuration/Hexes            3


   Skills:
 + Level 1.4 Fighting
 + Level 2.7 Short Blades
 + Level 2.8 Dodging
 + Level 7.3 Stealth
 + Level 2.3 Spellcasting
 + Level 0.5 Conjurations
 + Level 5.3 Hexes
 + Level 1.1 Ice Magic


You couldn't memorise any spells.
You knew the following spells:

 Your Spells              Type           Power        Failure   Level  Hunger
a - Corona                Hex            ###....      2%          1    #......
b - Ensorcelled Hibernat  Hex/Ice        ##....       10%         2    ##.....
c - Dazzling Spray        Conj/Hex       ##....       17%         3    ###....
d - Confuse               Hex            ###.....     10%         3    ###....


Dungeon Overview and Level Annotations

Branches:
Dungeon (4/15)             Temple (1/1) D:4

Altars:
Cheibriados
Gozag
Kikubaaqudgha
Trog
The Shining One

Annotations:
D:4 jasper's ghost, amateur MfMo


Innate Abilities, Weirdness & Mutations

You heal slowly.
You have razor-sharp teeth.
You have supernaturally acute eyesight. (SInv)
You can survive without breathing.


Message History

The phantom hits you but does no damage.
Casting: Dazzling Spray
Confirm with . or Enter, or press ? or * to list all spells.
Aiming: Dazzling Spray
Press: ? - help, Shift-Dir - straight line, f - phantom
Aim: a phantom The spray of energy hits the phantom.
The phantom is lightly damaged.
You are feeling thirsty.
The phantom hits you!
* * * LOW HITPOINT WARNING * * *
You are too injured to fight recklessly!
You are too injured to fight recklessly!
You are too injured to fight recklessly!
Your unstable footing causes you to fumble your attack.
The phantom blinks!
The phantom blinks!
The phantom completely misses you. The phantom hits you!
You die...
Kikubaaqudgha rasps: "You have failed me!
Welcome... oblivion!"

#####################
#####################
≈≈≈≈≈≈≈≈≈≈≈#####≈≈≈≈≈
≈≈≈≈≈≈≈≈≈≈≈≈≈≈≈≈≈≈≈≈≈
≈≈≈≈≈≈≈≈≈≈≈≈≈≈≈≈≈≈≈≈≈
≈≈≈≈≈≈≈≈≈≈≈≈...≈≈≈≈≈≈
≈≈≈≈≈...≈≈≈@._.≈≈≈≈..
≈≈≈≈≈.#.≈≈W≈...≈≈≈≈._.
≈≈≈≈≈...≈≈≈≈≈≈≈≈≈≈≈...
.≈≈≈≈≈≈≈≈≈#≈≈≈≈≈#≈≈≈≈≈
.≈≈≈≈≈≈≈≈#≈≈≈≈≈≈≈#≈≈≈≈
.≈≈≈≈≈≈≈#≈≈≈≈≈≈≈≈≈#≈≈≈
≈≈≈≈≈≈≈≈≈≈≈≈...≈≈≈≈≈≈≈
≈≈≈≈...≈≈≈≈.....≈≈≈≈..
≈≈≈≈._.≈≈≈≈..<..≈≈≈≈._


You could see a phantom.

Vanquished Creatures
  An ogre (D:4)
  Ijyb (D:2)
  Natasha (D:4)
  4 adders (D:2)
  2 worms
  4 dart slugs
  A leopard gecko (D:3)
  3 orcs (D:3)
  A ball python (D:2)
  5 giant cockroaches
  6 hobgoblins
  7 jackals
  A quokka (D:2)
  6 bats
  5 frilled lizards
  19 goblins
  13 kobolds
  10 rats
90 creatures vanquished.

Notes
Turn   | Place    | Note
-------+----------+-------------------------------------------
     0 | D:1      | JeffiDaFish the Vampire Enchanter began the quest for the Orb.
     0 | D:1      | Reached XP level 1. HP: 13/13 MP: 3/3
   107 | D:1      | Reached XP level 2. HP: 7/19 MP: 5/5
   437 | D:1      | Reached skill level 5 in Stealth
  1118 | D:1      | Reached XP level 3. HP: 16/25 MP: 6/6
  1826 | D:2      | Learned a level 2 spell: Ensorcelled Hibernation
  1904 | D:2      | Reached skill level 6 in Stealth
  1930 | D:2      | Found a faded altar of an unknown god.
  2146 | D:2      | Reached XP level 4. HP: 31/31 MP: 0/7
  2320 | D:2      | Noticed Ijyb
  2337 | D:2      | Killed Ijyb
  2337 | D:2      | Reached skill level 1 in Fighting
  2969 | D:3      | Reached skill level 7 in Stealth
  3008 | D:3      | Reached XP level 5. HP: 37/37 MP: 8/8
  3424 | D:3      | Learned a level 3 spell: Dazzling Spray
  3533 | D:3      | Reached skill level 5 in Hexes
  3980 | D:4      | Noticed an ogre
  3986 | D:4      | Killed an ogre
  3986 | D:4      | Reached skill level 1 in Ice Magic
  4015 | D:4      | Found a staircase to the Ecumenical Temple.
  4028 | D:4      | Noticed Natasha
  4035 | D:4      | Killed Natasha
  4035 | D:4      | Reached XP level 6. HP: 43/43 MP: 9/9
  4042 | D:4      | Noticed jasper's ghost (amateur MfMo)
  4049 | D:4      | Learned a level 3 spell: Confuse
  4067 | Temple   | Entered the Ecumenical Temple
  4141 | Temple   | Became a worshipper of Kikubaaqudgha
  4727 | Temple   | Mangled by a phantom

Vault maps used:
D:1:      dpeg_arrival_ternary
D:2:      kennysheep_goblin_castle, first_bread, ecumenical_altar_1
D:4:      nemelex_xobeh_ov_fountains_minmay, uniq_natasha
Temple:   regret_index_temple_mists

Skill      XL: |  1  2  3  4  5 |
---------------+----------------+-----
Stealth        | 5 6 7 |  7.3
Short Blades   | 2 |  2.7
Fighting       | 1 |  1.4
Hexes          | 5 |  5.3
Ice Magic      | 1 |  1.1
Dodging        | |  2.8
Spellcasting   | |  2.3
Conjurations   | |  0.5

Action                   |  1- 3 |  4- 6 || total
-------------------------+-------+-------++-------
Melee: Dagger            |   167 |   195 ||   362
       Bite              |    13 |    10 ||    23
 Cast: Ensorcelled Hiber |     4 |     7 ||    11
       Dazzling Spray    |       |    16 ||    16
       Confuse           |       |     3 ||     3
  Use: Potion            |     5 |    16 ||    21
       Scroll            |     5 |     3 ||     8
 Stab: Sleeping          |     8 |    21 ||    29
Armor: Robe              |    38 |    34 ||    72
       Skin              |       |     5 ||     5
Dodge: Dodged            |    90 |   119 ||   209
